 Dungeon Crawl Stone Soup version 0.27-a0-1277-g3808f8b1c9 (webtiles) character file.

Game seed: 12298994933569646402

14 Glokmah the Chopper (level 2, -7/25 HPs)
             Began as a Hill Orc Gladiator on June 12, 2021.
             Mangled by a kobold (20 damage)
             ... on level 1 of the Dungeon.
             The game lasted 00:00:33 (410 turns).

Glokmah the Chopper (Hill Orc Gladiator)             Turns: 410, Time: 00:00:33

Health: -7/25      AC:  4    Str: 16    XL:     2   Next: 41%
Magic:  2/2        EV: 12    Int:  8    God:
Gold:   21         SH:  0    Dex: 12    Spells: 1/1 levels left

rFire    . . .     SeeInvis .   a - +0 war axe
rCold    . . .     Faith    .   (no shield)
rNeg     . . .     Spirit   .   b - +0 leather armour
rPois    .         Reflect  .   c - +0 helmet
rElec    .         Harm     .   (no cloak)
rCorr    .         Rampage  .   (no gloves)
Will     .....                  (no boots)
Stlth    +.........             (no amulet)
HPRegen  0.08/turn              (no ring)
MPRegen  0.08/turn              (no ring)

@: no status effects
A: no striking features
a: no special abilities


You were on level 1 of the Dungeon.
You visited 1 branch of the dungeon, and saw 1 of its levels.

You collected 21 gold pieces.

Inventory:

Hand Weapons
 a - a +0 war axe (weapon)
Missiles
 d - 3 throwing nets (quivered)
 f - 5 boomerangs
 g - 19 poisoned darts
Armour
 b - a +0 leather armour (worn)
 c - a +0 helmet (worn)
Scrolls
 e - a scroll of fear {unknown}


   Skills:
 + Level 2.7 Fighting
 * Level 4.4 Axes
 + Level 2.0 Throwing
 + Level 0.7 Armour
 - Level 2.4 Dodging


You had one spell level left.
You didn't know any spells.
Your spell library was empty.

Dungeon Overview and Level Annotations

Branches:
Dungeon (1/15)

Altars:


Message History

You now have 21 gold pieces (gained 11).
Things that are here:
a +0 dagger; a goblin corpse 2 kobolds come into view.
A kobold is wielding a +0 whip of electrocution.
A goblin comes into view. It is wielding a +0 club.
The goblin shouts!
The kobold shouts!
The kobold throws a stone.
The stone closely misses you.
The kobold throws a stone.
The stone barely misses you.
You closely miss the kobold. You barely miss the kobold.
The kobold hits you with a +0 short sword.
The kobold hits you but does no damage.
You completely miss the kobold. You closely miss the kobold.
The kobold completely misses you. The kobold closely misses you.
The kobold misses you.
You hit the goblin.
You kill the goblin!
You miss the kobold. You closely miss the kobold. The kobold barely misses you.
The kobold misses you. The kobold closely misses you.
Unknown command.
You closely miss the kobold. You hit the kobold but do no damage.
The kobold closely misses you. The kobold hits you but does no damage.
You closely miss the kobold. You hit the kobold.
The kobold hits you with a +0 short sword.
The kobold closely misses you.
Unknown command.
You barely miss the kobold. You hit the kobold but do no damage.
The kobold hits you but does no damage.
The kobold hits you with a +0 whip of electrocution.
The kobold hits you with a +0 short sword.
The kobold closely misses you.
You barely miss the kobold. You hit the kobold.
You kill the kobold!
The kobold barely misses you.
You barely miss the kobold.
The kobold hits you with a +0 whip of electrocution.
You barely miss the kobold. The kobold hits you but does no damage.
You are electrocuted!!
Ouch! That really hurt!
You die...

##..........)....#
#...............#
#...............#
##.............##
.# #......#.....##
...###.#.#########
#........#
..##....## ###..@#
#.))K...#
#.......#
#.......#
#.......#
........#
.........#
..........#


You could see a kobold.

Vanquished Creatures
  A dart slug (D:1)
  A bat (D:1)
  2 endoplasms (D:1)
  3 goblins (D:1)
  A hobgoblin (D:1)
  2 kobolds (D:1)
10 creatures vanquished.

Notes
Turn   | Place    | Note
-------+----------+-------------------------------------------
     0 | D:1      | Glokmah the Hill Orc Gladiator began the quest for the Orb.
     0 | D:1      | Reached XP level 1. HP: 18/18 MP: 1/1
   230 | D:1      | Reached XP level 2. HP: 15/25 MP: 2/2
   410 | D:1      | Mangled by a kobold

Illustrated notes

Levels and vault maps discovered:
D:1:      dpeg_cavernosity, layout_rooms,
          hellmonk_ecumenical_altar_leap_of_faith

Skill      XL: |  1  2 |
---------------+-------+-----
Throwing       | 2 |  2.0
Fighting       | |  2.7
Axes           | |  4.4
Armour         | |  0.7
Dodging        | |  2.4

Action                   || total
-------------------------++-------
Melee: War axe           ||    24
Armor: Leather armour    ||     8
Dodge: Dodged            ||    28

Table legend: (Time is in decaauts)
 A = Elapsed time spent in this place.
 B = Non-inter-level travel time spent in this place.
 C = Inter-level travel time spent in this place.
 D = Time resting spent in this place.
 E = Time spent auto-exploring this place.
 F = Levels seen in this place.
 G = Mean time per level.
                   A        B        C        D        E       F      G
               +--------+--------+--------+--------+--------+-----+--------+
         Total |    416 |    416 |      0 |      0 |    341 |   1 |  416.0 |
       Dungeon |    416 |    416 |      0 |      0 |    341 |   1 |  416.0 |
               +--------+--------+--------+--------+--------+-----+--------+

Top non-repeatable levels by time:
     D:1: 416 daAuts
